 Dungeon Crawl Stone Soup version 0.32-a0-913-g739538afd8 (webtiles) character file.

Game seed: 1842828462992981800

11 Heh the Poker (level 2, 0/23 HPs)
             Began as a Coglin Gladiator on Apr 7, 2024.
             Slain by a gnoll
             ... wielding a +0 spear
              (6 damage)
             ... on level 1 of the Dungeon.
             The game lasted 00:01:12 (616 turns).

Heh the Poker (Coglin Gladiator)                     Turns: 616, Time: 00:01:12

Health: 0/23       AC:  6    Str: 14    XL:     2   Next: 25%
Magic:  2/2        EV: 10    Int:  7    God:
Gold:   34         SH:  0    Dex: 15    Spells: 1/1 levels left

rFire   . . .        a - +0 trident {Ari}
rCold   . . .        f - +0 dagger {Raúl}
rNeg    . . .        l - +0 ring mail
rPois   .            c - +0 helmet
rElec   .            (no cloak)
rCorr   .            (no gloves)
SInv    .            (no boots)
Will    .....        (amulet unavailable)
Stlth   +            (ring unavailable)
HPRegen 0.23/turn    (ring unavailable)
MPRegen 0.08/turn    (no gizmo)

%: no passive effects
@: mighty, revved
A: off-hand wielding, slow wielding, warmup strikes, no jewellery
a: Invent Gizmo


You were on level 1 of the Dungeon.
You visited 1 branch of the dungeon, and saw 1 of its levels.

You collected 34 gold pieces.

Inventory:

Hand Weapons
 a - a +0 trident (weapon) {Ari}
 f - a +0 dagger (offhand) {Raúl}
 k - a +1 dagger of draining
Missiles
 d - 3 throwing nets (quivered)
 e - a javelin
Armour
 b - a +0 leather armour
 c - a +0 helmet (worn)
 l - a +0 ring mail (worn)
Scrolls
 h - a scroll of identify {unknown}
 i - a scroll of teleportation {unknown}
Potions
 g - a potion of might
 j - a potion of heal wounds {unknown}


   Skills:
 + Level 2.4 Fighting
 + Level 3.1 Polearms
 - Level 1.7 Throwing
 - Level 2.6 Dodging


You had one spell level left.
You didn't know any spells.
Your spell library contained the following spells:

 Spells                   Type           Power      Damage    Failure   Level
 Freeze                   Ice            0%         1d3       67%         1
 Frozen Ramparts          Ice            0%         1d1       96%         3
 Hailstorm                Conj/Ice       0%         3d5       96%         3


Dungeon Overview and Level Annotations

Branches:
Dungeon (1/15)

Altars:


Innate Abilities, Weirdness & Mutations

You can wield a second weapon in your off-hand.
It takes a long time for you to wield or remove held weapons.
Your first few attacks do less damage.
You cannot equip rings or amulets.


Message History

The gnoll hits you from afar with a +0 spear.
You reach to attack!
You hit the gnoll with your +0 trident.
The gnoll is severely wounded.
The gnoll hits you but does no damage.
You reach to attack!
You hit the gnoll but do no damage.
The gnoll is severely wounded.
The gnoll hits you from afar with a +0 spear.
You reach to attack!
You closely miss the gnoll with your +0 trident.
The gnoll is severely wounded.
The gnoll barely misses you.
You reach to attack!
You barely miss the gnoll with your +0 trident.
The gnoll hits you from afar with a +0 spear.
The gnoll misses you.
You reach to attack!
You closely miss the gnoll with your +0 trident.
The gnoll misses you.
You reach to attack!
You barely miss the gnoll with your +0 trident.
The gnoll barely misses you.
You reach to attack!
You closely miss the gnoll with your +0 trident.
The gnoll hits you from afar with a +0 spear.
You are too injured to fight recklessly!
You are too injured to fight recklessly!
You are too injured to fight recklessly!
A gnoll is nearby!
A gnoll is nearby!
The gnoll closely misses you.
You closely miss the gnoll with your +0 dagger.
The gnoll is severely wounded.
You barely miss the gnoll with your +0 trident.
The gnoll hits you with a +0 spear.
* * * LOW HITPOINT WARNING * * *
Unknown command.
It was a potion of might.
You feel very mighty all of a sudden. The gnoll hits you with a +0 spear.
You die...

### ###############.#
................#
###############.###
..........# #
......#+#.# #
#####...@.# # #...g.# #
#.....###############
#####
.#.....#.......).....#
....#
#.#.#+#.#.............#
..#.# # #.
#.#.############# ..#.#
# #.#.# #########
..#.####### #.#.#
#...#...# ..+........
#.#.#############


You could see a gnoll.

Vanquished Creatures
  A dart slug (D:1)
  An endoplasm (D:1)
  3 kobolds (D:1)
  A quokka (D:1)
  A frilled lizard (D:1)
  2 rats (D:1)
9 creatures vanquished.

Notes
Turn   | Place    | Note
-------+----------+-------------------------------------------
     0 | D:1      | Heh the Coglin Gladiator began the quest for the Orb.
     0 | D:1      | Reached XP level 1. HP: 16/16 MP: 1/1
   215 | D:1      | Reached skill level 3 in Polearms
   437 | D:1      | Reached XP level 2. HP: 23/23 MP: 2/2
   616 | D:1      | Slain by a gnoll

Illustrated notes

Levels and vault maps discovered:
D:1:      saegor_arrival_simple_a, layout_basic, serial_aquarium,
          aquarium_bridge_square [aquarium_subvault_wall,
          aquarium_subvault_bridge, aquarium_subvault_window,
          aquarium_subvault_wall], aquarium_bridge_straight
          [aquarium_subvault_bridge, aquarium_subvault_wall,
          aquarium_subvault_bridge, aquarium_subvault_wall], aquarium_window_1,
          aquarium_window_corridor_2, aquarium_window_corner, aquarium_view_2f,
          aquarium_balcony_3b, serial_shops, shop

Skill      XL: |  1 |
---------------+----+-----
Polearms       | 3 |  3.1
Fighting       | |  2.4
Throwing       | |  1.7
Dodging        | |  2.6

Action                     || total
---------------------------++-------
  Melee: Trident           ||    28
         Dagger            ||    15
    Use: Potion            ||     1
 Armour: Leather armour    ||     7
         Ring mail         ||     9
  Dodge: Dodged            ||     9

Table legend: (Time is in decaauts)
 A = Elapsed time spent in this place.
 B = Non-inter-level travel time spent in this place.
 C = Inter-level travel time spent in this place.
 D = Time resting spent in this place.
 E = Time spent auto-exploring this place.
 F = Levels seen in this place.
 G = Mean time per level.
                   A        B        C        D        E       F      G
               +--------+--------+--------+--------+--------+-----+--------+
         Total |    618 |    613 |      5 |      0 |    507 |   1 |  618.0 |
       Dungeon |    618 |    613 |      5 |      0 |    507 |   1 |  618.0 |
               +--------+--------+--------+--------+--------+-----+--------+

Top non-repeatable levels by time:
     D:1: 618 daAuts
